 Dungeon Crawl Stone Soup version 0.20.1-1-g8b1a95d (webtiles) character file.

3040 KoningWillie the Protected (level 9, 0/79 HPs)
             Began as a Minotaur Fighter on Sept 29, 2017.
             Was an Initiate of Fedhas.
             Hit by a large rock thrown by a cyclops (13 damage)
             ... on level 8 of the Dungeon.
             The game lasted 00:13:14 (6069 turns).

KoningWillie the Protected (Minotaur Fighter)       Turns: 6069, Time: 00:13:14

Health: 0/79       AC: 11    Str: 24    XL:     9   Next: 56%
Magic:  8/8        EV:  6    Int: 11    God:    Fedhas [......]
Gold:   351        SH: 11    Dex: 13    Spells: 8/8 levels left

rFire    . . .     SeeInvis .   t - +7 war axe "Impslayer" {chop, rN+ Int+6}
rCold    + . .     Gourm    .   c - +0 shield
rNeg     + + .     Faith    .   m - +0 chain mail (curse)
rPois    .         Spirit   .   w - +0 hat
rElec    .         Reflect  .   (no cloak)
rCorr    .         Harm     .   (no gloves)
MR       .....                  (no boots)
Stlth    ..........             (no amulet)
Regen    0.3/turn               n - ring of protection from cold
MPRegen  0.2/turn               u - ring "Nial" {rN+ Dex+3 Stlth-}

@: no status effects
A: retaliatory headbutt, horns 2
a: Fungal Bloom, Renounce Religion


You were on level 8 of the Dungeon.
You worshipped Fedhas.
Fedhas was noncommittal.
You were not hungry.

You visited 1 branch of the dungeon, and saw 8 of its levels.

You collected 351 gold pieces.

Inventory:

Hand Weapons
 a - a +1 long sword
 t - the +7 war axe "Impslayer" (weapon) {chop, rN+ Int+6}
   (You found it on level 7 of the Dungeon)

   It inflicts extra damage upon your enemies.
   It affects your intelligence (+6).
   It protects you from negative energy.
 x - a +3 long sword
Armour
 b - a +0 scale mail
 c - a +0 shield (worn)
 m - a cursed +0 chain mail (worn)
 w - a +0 hat (worn)
Jewellery
 n - a ring of protection from cold (left hand)
 u - the ring "Nial" (right hand) {rN+ Dex+3 Stlth-}
   (You found it on level 8 of the Dungeon)

   [ring of loudness]

   It affects your dexterity (+3).
   It protects you from negative energy.
   It makes you less stealthy.
 y - an uncursed ring of stealth {unknown}
Wands
 j - a wand of disintegration (10/24)
Scrolls
 e - 2 scrolls of teleportation
 l - a scroll of recharging
 o - 4 scrolls of identify
 r - a scroll of remove curse
Potions
 d - 2 potions of might
 h - a potion of berserk rage
 k - 2 potions of lignification
 q - a potion of brilliance
 s - a potion of resistance {unknown}
 v - 2 potions of agility {unknown}
Books
 p - a book of Minor Magic

   Spells                             Type                      Level
   a - Magic Dart                     Conjuration                  1
   b - Blink                          Translocation                2
   c - Call Imp                       Summoning                    2
   d - Slow                           Hexes                        2
   e - Conjure Flame                  Conjuration/Fire             3
   f - Mephitic Cloud                 Conjuration/Poison/Air       3
Comestibles
 f - 5 bread rations
 g - a meat ration
 i - 8 fruits
 z - a royal jelly


   Skills:
 + Level 7.4 Fighting
 - Level 8.4 Long Blades
 * Level 7.4 Axes
 + Level 9.1 Armour
 + Level 5.9 Shields
 + Level 1.0 Evocations


You had 8 spell levels left.
You didn't know any spells.

Dungeon Overview and Level Annotations

Branches:
Dungeon (8/15)
 Temple: D:4-7         Lair: D:8-11

Altars:
Cheibriados
Fedhas
Sif Muna

Portals:
Ossuary: D:7

Annotations:
D:4 Danqa's ghost, amateur HOMo


Innate Abilities, Weirdness & Mutations

You reflexively headbutt those who attack you in melee.
You have a pair of horns on your head.


Message History

The centaur shoots an arrow.
You block the arrow.
You see here an arrow.
The centaur shoots an arrow.
You block the arrow.
You see here an arrow.
The centaur shoots an arrow.
The arrow hits you.
* * * LOW HITPOINT WARNING * * *
The centaur shoots an arrow.
The arrow hits you!
* * * LOW HITPOINT WARNING * * *
You see here 2 arrows.
The centaur unwields an uncursed shortbow.
The centaur completely misses you.
You slash the centaur!
The centaur is severely wounded.
The centaur hits you but does no damage.
You block the centaur's attack.
You completely miss the centaur. You headbutt the centaur!
You kill the centaur!
The cyclops throws a large rock.
The large rock hits you!
You die...
Fedhas appreciates your contribution to the ecosystem.

######....'.....#...#
..........#########.######
############......#..#...#
#.###.....#.#.#
#...#..#....#.#
....####.#..##.###.#
......# #.#.(...#...#
l...)....##.#(##..#.###
...........#.#@....#.#
....l......#..).#..#.#
C.⌠.c.....####.#..#.#
#........+.##C..##.#
[##.......c'.........#
⌠..⌠......(#.#########
........((.#....#
.......((..#..#.#
..........##..# #


You could see a cyclops.

Vanquished Creatures
  Joseph (D:8)
  Grinder (D:5)
  A wyvern (D:8)
  The ghost of Tutankhamun the Poker, an amateur MfGl (D:3)
  3 ice beasts
  An orc warrior (D:8)
  A sky beast (D:6)
  A centaur (D:8)
  2 phantoms
  3 ogres
  2 bullfrogs
  2 scorpions
  A water moccasin skeleton (D:7)
  3 howler monkeys (D:8)
  5 crimson imps
  2 jellies (D:5)
  A bullfrog zombie (D:6)
  A centaur zombie (D:5)
  A quasit (D:7)
  3 orc priests
  3 hounds
  3 orc wizards
  A centaur skeleton (D:4)
  8 worker ants
  A gnoll (D:1)
  A shadow imp (D:6)
  An ooze (D:5)
  3 adder zombies
  2 worms
  A dart slug (D:2)
  8 leopard geckos
  13 orcs
  7 bats
  3 giant cockroaches (D:3)
  5 goblins
  7 hobgoblins
  3 jackals (D:1)
  2 quokkas
  A frilled lizard (D:2)
  A jackal zombie (D:5)
  4 kobolds
  A leopard gecko skeleton (D:8)
  4 rats
119 creatures vanquished.

Vanquished Creatures (others)
  A fungus (D:8)
  11 toadstools (D:8)
12 creatures vanquished.

Grand Total: 131 creatures vanquished

Notes
Turn   | Place    | Note
-------+----------+-------------------------------------------
     0 | D:1      | KoningWillie the Minotaur Fighter began the quest for the Orb.
     0 | D:1      | Reached XP level 1. HP: 19/19 MP: 0/0
    54 | D:1      | Reached XP level 2. HP: 27/27 MP: 1/1
   761 | D:2      | Reached XP level 3. HP: 34/34 MP: 2/2
   963 | D:2      | Reached skill level 4 in Armour
  1276 | D:3      | Noticed Tutankhamun's ghost (amateur MfGl)
  1398 | D:4      | Reached XP level 4. HP: 25/41 MP: 3/3
  1427 | D:4      | Noticed Danqa's ghost (amateur HOMo)
  1695 | D:3      | HP: 1/61 [Tutankhamun's ghost (10)]
  1696 | D:3      | Killed Tutankhamun's ghost
  1696 | D:3      | Reached skill level 5 in Fighting
  1696 | D:3      | Reached skill level 5 in Armour
  1696 | D:3      | Reached XP level 5. HP: 2/48 MP: 4/4
  2282 | D:3      | Reached XP level 6. HP: 56/56 MP: 5/5
  2528 | D:4      | Reached skill level 5 in Long Blades
  2533 | D:5      | Entered Level 5 of the Dungeon
  2591 | D:5      | Reached skill level 6 in Armour
  2795 | D:5      | Noticed an ice beast
  2799 | D:5      | Killed an ice beast
  2799 | D:5      | Reached XP level 7. HP: 59/61 MP: 6/6
  2890 | D:5      | Noticed Grinder
  2891 | D:5      | Paralysed by Grinder for 2 turns
  2895 | D:5      | Paralysed by Grinder for 3 turns
  2907 | D:5      | Paralysed by Grinder for 5 turns
  2913 | D:5      | Killed Grinder
  2913 | D:5      | Reached skill level 7 in Armour
  3241 | D:5      | Found a deep blue altar of Sif Muna.
  3567 | D:5      | Reached XP level 8. HP: 70/70 MP: 7/7
  4704 | D:6      | Reached skill level 1 in Evocations
  4925 | D:7      | Got an ichor-stained war axe
  4930 | D:7      | Identified the +7 war axe "Impslayer" {chop, rN+ Int+6} (You found it on level 7 of the Dungeon)
  5004 | D:7      | Reached skill level 1 in Axes
  5004 | D:7      | Reached skill level 8 in Armour
  5036 | D:7      | Found a sand-covered staircase.
  5257 | D:7      | Reached skill level 5 in Shields
  5590 | D:8      | Found a blossoming altar of Fedhas.
  5596 | D:8      | Became a worshipper of Fedhas Madash
  5605 | D:8      | Reached XP level 9. HP: 61/79 MP: 8/8
  5728 | D:8      | Got a twitching lead ring
  5729 | D:8      | Identified the ring "Nial" {rN+ Dex+3 Stlth-} (You found it on level 8 of the Dungeon)
  5782 | D:8      | Noticed Joseph
  5782 | D:8      | Reached skill level 5 in Axes
  5788 | D:8      | Killed Joseph
  5788 | D:8      | Reached skill level 9 in Armour
  5922 | D:8      | Found a snail-covered altar of Cheibriados.
  6045 | D:8      | Noticed a cyclops
  6069 | D:8      | Hit by a large rock thrown by a cyclops

Skill      XL: |  1  2  3  4  5  6  7  8  9 |
---------------+----------------------------+-----
Fighting       | 4 5 6 7 |  7.4
Armour         | 4 5 6 7 8 9 |  9.1
Long Blades    | 3 4 6 7 8 |  8.4
Evocations     | 1 |  1.0
Shields        | 5 |  5.9
Axes           | 4 7 |  7.4

Action                   |  1- 3 |  4- 6 |  7- 9 || total
-------------------------+-------+-------+-------++-------
Melee: Long sword        |    82 |    91 |   110 ||   283
       Headbutt          |    15 |    16 |    41 ||    72
       War axe           |       |       |   114 ||   114
Invok: Fungal Bloom      |       |       |     2 ||     2
Evoke: Wand              |       |     2 |     1 ||     3
  Use: Scroll            |     6 |     3 |     2 ||    11
       Potion            |       |     2 |     6 ||     8
  Eat: Chunk             |     2 |       |       ||     2
       Meat ration       |       |     1 |     1 ||     2
       Bread ration      |       |       |     1 ||     1
Armor: Scale mail        |    39 |    44 |    37 ||   120
       Chain mail        |       |       |    48 ||    48
Dodge: Dodged            |    21 |    31 |    48 ||   100
Block: Shield            |    33 |    48 |    89 ||   170
       Rpst.: Long sword |     7 |     7 |     7 ||    21
